 Dungeon Crawl Stone Soup version 0.27.1-34-g3ba077fa99 (webtiles) character file.

Game seed: 8391343259345053879

227 safid the Chopper (level 6, 0/52 HPs)
             Began as a Hill Orc Fighter on Jan 13, 2022.
             Slain by an orc (5 damage)
             ... on level 3 of the Dungeon.
             The game lasted 00:03:53 (2891 turns).

safid the Chopper (Hill Orc Fighter)                Turns: 2891, Time: 00:03:54

Health: 0/52       AC:  8    Str: 21    XL:     6   Next: 2%
Magic:  6/6        EV:  7    Int:  8    God:
Gold:   129        SH:  0    Dex: 16    Spells: 5/5 levels left

rFire    . . .     SeeInvis .   a - +0 war axe
rCold    . . .     Faith    .   c - +0 kite shield
rNeg     . . .     Spirit   .   b - +0 scale mail
rPois    .         Reflect  .   (no helmet)
rElec    .         Harm     .   (no cloak)
rCorr    .         Rampage  .   m - +0 pair of gloves
Will     .....                  (no boots)
Stlth    ..........             (no amulet)
HPRegen  0.17/turn              g - +6 ring of dexterity
MPRegen  0.10/turn              (no ring)

@: confused
A: no striking features
a: no special abilities


You were on level 3 of the Dungeon.
You visited 1 branch of the dungeon, and saw 3 of its levels.

You collected 129 gold pieces.

Inventory:

Hand Weapons
 a - a +0 war axe (weapon)
Missiles
 e - 11 atropa-tipped darts (quivered)
 i - 15 poisoned darts
Armour
 b - a +0 scale mail (worn)
 c - a +0 kite shield (worn)
 m - a +0 pair of gloves (worn)
Jewellery
 g - a +6 ring of dexterity (left hand)
Wands
 p - a wand of polymorph (12)
Scrolls
 h - a scroll of teleportation {unknown}
 j - 2 scrolls of amnesia {unknown}
 k - 4 scrolls of noise {unknown}
 n - a scroll of fear {unknown}
Potions
 d - 2 potions of might
 f - a potion of haste {unknown}
 l - 3 potions of curing {unknown}
 o - a potion of heal wounds {unknown}
 q - a potion of attraction {unknown}


   Skills:
 - Level 4.0 Fighting
 + Level 5.4 Axes
 - Level 4.0 Armour
 + Level 5.2 Shields


You had 5 spell levels left.
You didn't know any spells.
Your spell library was empty.

Dungeon Overview and Level Annotations

Branches:
Dungeon (3/15)

Altars:


Message History

You hit the gnoll but do no damage. You miss something.
Something hits you but does no damage. The gnoll barely misses you.
Something hits you but does no damage.
Unknown command.
You hit the gnoll.
The gnoll is moderately wounded.
You closely miss something. The gnoll hits you with a +0 club.
Something hits you but does no damage.
Unknown command.
You slash the gnoll!
You kill the gnoll!
You closely miss something. You slash the quokka skeleton!
You destroy the quokka skeleton!
Something hits you but does no damage.
You have reached level 6!
Your experience leads to an increase in your attributes!
Your base attributes are Str 20, Int 8, Dex 10.
Increase (S)trength, (I)ntelligence, or (D)exterity?
You feel stronger.
You barely miss the orc. You closely miss something.
Something hits you but does no damage.
The orc hits you with a +1 war axe of electrocution.
You are electrocuted!
* * * LOW HITPOINT WARNING * * *
You hear some strange, mumbled words.
You are confused.
You closely miss the orc. You miss something. The orc barely misses you.
Something hits you but does no damage. The orc barely misses you.
Unknown command.
Unknown command.
You barely miss the orc. You completely miss something.
Something hits you but does no damage.
The orc hits you with a +1 war axe of electrocution.
* * * LOW HITPOINT WARNING * * *
Unknown command.
You barely miss something. You hit the orc. Something hits you.
* * * LOW HITPOINT WARNING * * *
The orc hits you but does no damage. Something hits you but does no damage.
The orc hits you with a +1 war axe of electrocution.
You die...

#.# #.......##.#
#.#######
#.......+...
#...#...#
#.......##..
###.#...#
#.......####
#.#...###########
#.......... .
#.#†....##
...###+#.....#
........@....#
.......o{....#
......).)....#
................
..........#'####
!.........#.#
..........#.#
..........#
..........#


You could see an orc.

Vanquished Creatures
  An ogre (D:3)
  Robin (D:2)
  2 adders (D:2)
  3 gnolls (D:3)
  4 worms
  A dart slug (D:1)
  An orc (D:3)
  5 bats
  5 endoplasms
  A giant cockroach (D:1)
  9 goblins
  10 hobgoblins
  A jackal (D:1)
  3 quokkas (D:2)
  7 ball pythons
  3 frilled lizards
  2 kobolds (D:2)
  A quokka skeleton (D:3)
  7 rats
67 creatures vanquished.

Notes
Turn   | Place    | Note
-------+----------+-------------------------------------------
     0 | D:1      | safid the Hill Orc Fighter began the quest for the Orb.
     0 | D:1      | Reached XP level 1. HP: 19/19 MP: 1/1
   252 | D:1      | Reached XP level 2. HP: 27/27 MP: 2/2
  1034 | D:2      | Reached XP level 3. HP: 25/33 MP: 3/3
  1146 | D:2      | Found a faded altar of an unknown god.
  1589 | D:2      | Noticed Robin
  1618 | D:2      | Reached XP level 4. HP: 40/40 MP: 4/4
  1641 | D:2      | Killed Robin
  2671 | D:3      | Noticed an ogre
  2680 | D:3      | Killed an ogre
  2681 | D:3      | Reached skill level 5 in Axes
  2681 | D:3      | Reached skill level 5 in Shields
  2681 | D:3      | Reached XP level 5. HP: 23/46 MP: 5/5
  2887 | D:3      | Reached XP level 6. HP: 28/52 MP: 6/6
  2891 | D:3      | Slain by an orc

Illustrated notes

Levels and vault maps discovered:
D:1:      wheals_arrival_shading, layout_loops_corners, st_stairs_4,
          minmay_domino_2
D:2:      layout_basic, ebering_ecumenical_altar_hall, uniq_robin
D:3:      layout_basic, nicolae_elyvilon_peaceful_grove

Skill      XL: |  1  2  3  4 |
---------------+-------------+-----
Axes           | 3 5 |  5.4
Fighting       | 4 |  4.0
Armour         | 4 |  4.0
Shields        | 5 |  5.2

Action                   |  1- 3 |  4- 6 || total
-------------------------+-------+-------++-------
Melee: War axe           |   105 |    95 ||   200
Throw: Dart              |       |     3 ||     3
Armor: Scale mail        |    46 |    37 ||    83
Dodge: Dodged            |    41 |    26 ||    67
Block: Kite shield       |    60 |    37 ||    97
